 Dungeon Crawl Stone Soup version 0.29.0-4-gdea44cf6ec (webtiles) character file.

Game seed: 129984552192729684

79 qw the Chopper (level 4, 0/26 HPs)
             Began as a Tengu Warper on Aug 28, 2022.
             Succumbed to a gnoll's poison
             ... on level 2 of the Dungeon.
             The game lasted 00:00:08 (1741 turns).

qw the Chopper (Tengu Warper)                       Turns: 1741, Time: 00:00:09

Health: 0/26       AC:  4    Str: 14    XL:     4   Next: 38%
Magic:  8/8        EV: 12    Int: 13    God:
Gold:   29         SH:  0    Dex: 13    Spells: 7/7 levels left

rFire   . . .      SeeInvis +   Y - +0 hand axe
rCold   . . .      Faith    .   (no shield)
rNeg    . . .      Spirit   .   b - +0 leather armour
rPois   .          Reflect  .   (helmet restricted)
rElec   .          Harm     .   e - +0 cloak
rCorr   .          Rampage  .   (no gloves)
Will    .....                   (boots unavailable)
Stlth   +.........              (no amulet)
HPRegen 0.08/turn               (no ring)
MPRegen 0.11/turn               (no ring)

@: lethally poisoned (0 -> -1)
A: beak, talons 3, see invisible
a: no special abilities


You were on level 2 of the Dungeon.
You visited 1 branch of the dungeon, and saw 2 of its levels.

You collected 29 gold pieces.


Innate Abilities, Weirdness & Mutations

You have a beak for a mouth.
You have claws for feet.
You have supernaturally acute eyesight. (SInv)


   Skills:
 - Level 2.0 Fighting
 + Level 5.0 Axes
 - Level 1.0 Throwing
 - Level 1.1 Armour
 - Level 2.1 Dodging
 - Level 2.0 Spellcasting
 - Level 2.4 Translocations


You had 7 spell levels left.
You didn't know any spells.
Your spell library contained the following spells:

 Spells                   Type           Power      Damage    Failure   Level
 Blink                    Tloc           14%        N/A       19%         2
 Gell's Gravitas          Tloc           7%         N/A       34%         3
 Lesser Beckoning         Tloc           7%         N/A       34%         3
 Teleport Other           Tloc           7%         N/A       34%         3
 Manifold Assault         Tloc           7%         N/A       97%         5

Inventory:

Hand Weapons
 i - a +0 flail
 Y - a +0 hand axe (weapon)
Missiles
 j - 3 boomerangs (quivered)
Armour
 b - a +0 leather armour (worn)
 d - a +2 robe of willpower
 e - a +0 cloak (worn)
Scrolls
 a - 3 scrolls of identify
 f - a scroll of amnesia {unknown}
Potions
 h - 3 potions of mutation

Dungeon Overview and Level Annotations

Branches:
Dungeon (2/15)

Altars:

Shops:
D:2 *


Message History

You feel sick.
1723 ||| FLEEEEING.
You feel sick.
1724 ||| FLEEEEING.
You feel sick.
1725 ||| FLEEEEING.
You feel sick.
1726 ||| FLEEEEING.
You feel sick.
You are no longer poisoned.
1727 ||| FLEEEEING.
The gnoll throws a poisoned dart.
The poisoned dart hits you!
You are poisoned.
1728 ||| FLEEEEING.
You feel very sick.
1729 ||| FLEEEEING.
You feel sick.
1730 ||| FLEEEEING.
You feel sick.
You feel sick.
You feel sick.
You feel sick.
1734 ||| FLEEEEING.
You feel sick.
The gnoll throws a poisoned dart.
The poisoned dart closely misses you.
1735 ||| FLEEEEING.
You feel sick.
You are no longer poisoned.
The gnoll throws a poisoned dart.
The poisoned dart hits you!
You are lethally poisoned!
1736 ||| FLEEEEING.
You feel sick.
1737 ||| FLEEEEING.
You feel sick.
1738 ||| FLEEEEING.
You feel sick.
1739 ||| FLEEEEING.
You feel sick.
You feel sick.
You die...

##.###..# #..#
#..# #.## #..#
#.# #..# ##.#
#..# ###..# #..#
#...## #..#
###.### #..#
#.@...# #..#
#.....# #..#
#<....# ###..###
###..####......##
##.###........##
#..#...%......#
##.#..........#
#............#
###..........#


There were no monsters in sight!

Vanquished Creatures
  Jessica (D:2)
  2 gnolls (D:2)
  A worm (D:2)
  A dart slug (D:1)
  4 bats
  2 endoplasms (D:1)
  3 giant cockroaches
  3 goblins (D:1)
  A hobgoblin (D:1)
  2 kobolds
  2 quokkas (D:1)
  3 ball pythons (D:1)
  5 frilled lizards (D:1)
30 creatures vanquished.

Notes
Turn   | Place    | Note
-------+----------+-------------------------------------------
     0 | D:1      | qw the Tengu Warper began the quest for the Orb.
     0 | D:1      | Reached XP level 1. HP: 12/12 MP: 4/4
     0 | D:1      | 0 ||| qw: Version: 0.1-a-89-g26bdef1
     0 | D:1      | 0 ||| qw: Game counter: 533
     0 | D:1      | 0 ||| qw: Always use a shield: true
     0 | D:1      | 0 ||| qw: God list: Okawaru
     0 | D:1      | 0 ||| qw: Allow faded altars: false
     0 | D:1      | 0 ||| qw: Do Orc after D:15 true
     0 | D:1      | 0 ||| qw: Do second Lair branch before Depths: true
     0 | D:1      | 0 ||| qw: Lair rune preference: random
     0 | D:1      | 0 ||| qw: Plans: Normal
     0 | D:1      | 0 ||| PLANNING D:1-11
    82 | D:1      | Found a faded altar of an unknown god.
   233 | D:1      | Reached skill level 3 in Axes
   233 | D:1      | Reached XP level 2. HP: 17/17 MP: 6/6
   275 | D:1      | You fall into a shaft and drop 1 floor!
   275 | D:2      | Found Nagho's General Store.
   282 | D:2      | 282 ||| SHOPLISTING +0 buckler (63 gold, have 0).
   346 | D:2      | 346 ||| UPGRADING to +0 cloak.
   351 | D:2      | 351 ||| DROPPING amulet of faith.
   352 | D:2      | 352 ||| READING scroll labelled SOASEI IRGHELAYNI.
   353 | D:2      | 353 ||| READING scroll labelled MIUSTR RIAFUVIR.
   354 | D:2      | 354 ||| DRINKING 2 glowing pink potions.
   354 | D:2      | Gained mutation: You have supernaturally acute eyesight.
                  | (SInv) [potion of mutation]
   355 | D:2      | 355 ||| DRINKING 2 white potions.
   356 | D:2      | 356 ||| DROPPING scroll of blinking.
   357 | D:2      | 357 ||| DROPPING potion of brilliance.
   565 | D:1      | 565 ||| Stepping ~*~*~tactically~*~*~ (stealth).
   567 | D:1      | 567 ||| Stepping ~*~*~tactically~*~*~ (hiding).
   569 | D:1      | 569 ||| Stepping ~*~*~tactically~*~*~ (hiding).
   710 | D:1      | Reached XP level 3. HP: 21/21 MP: 7/7
  1050 | D:1      | 1050 ||| READING scroll labelled EKYLICZIODO.
  1055 | D:1      | 1055 ||| READING scroll labelled CAIDIM UC COV.
  1121 | D:2      | Reached skill level 4 in Axes
  1169 | D:2      | Noticed Jessica
  1170 | D:2      | 1170 ||| Stepping ~*~*~tactically~*~*~ (hiding).
  1178 | D:2      | Killed Jessica
  1179 | D:2      | Reached XP level 4. HP: 18/26 MP: 8/8
  1179 | D:2      | 1179 ||| FLEEEEING.
  1180 | D:2      | 1180 ||| FLEEEEING.
  1425 | D:2      | 1425 ||| Stepping ~*~*~tactically~*~*~ (hiding).
  1426 | D:2      | 1426 ||| Stepping ~*~*~tactically~*~*~ (hiding).
  1434 | D:2      | HP: 4/26 [gnoll/+0 spear (3)]
  1435 | D:2      | 1435 ||| READING scroll of teleportation.
  1697 | D:2      | 1697 ||| DROPPING +0 club.
  1708 | D:2      | 1708 ||| Stepping ~*~*~tactically~*~*~ (stealth).
  1720 | D:2      | Reached skill level 5 in Axes
  1720 | D:2      | 1720 ||| FLEEEEING.
  1721 | D:2      | 1721 ||| FLEEEEING.
  1722 | D:2      | 1722 ||| FLEEEEING.
  1723 | D:2      | 1723 ||| FLEEEEING.
  1724 | D:2      | 1724 ||| FLEEEEING.
  1725 | D:2      | 1725 ||| FLEEEEING.
  1726 | D:2      | 1726 ||| FLEEEEING.
  1727 | D:2      | 1727 ||| FLEEEEING.
  1728 | D:2      | 1728 ||| FLEEEEING.
  1729 | D:2      | 1729 ||| FLEEEEING.
  1730 | D:2      | 1730 ||| FLEEEEING.
  1734 | D:2      | 1734 ||| FLEEEEING.
  1735 | D:2      | 1735 ||| FLEEEEING.
  1736 | D:2      | 1736 ||| FLEEEEING.
  1736 | D:2      | HP: 5/26 [poisoned by a gnoll]
  1737 | D:2      | 1737 ||| FLEEEEING.
  1738 | D:2      | 1738 ||| FLEEEEING.
  1739 | D:2      | 1739 ||| FLEEEEING.
  1739 | D:2      | HP: 2/26 [poisoned by a gnoll]
  1741 | D:2      | Succumbed to a gnoll's poison

Levels and vault maps discovered:
D:1:      sevenhm_arrival_forest_fort_small_5, layout_basic,
          ebering_ecumenical_altar_rust
D:2:      layout_rooms, serial_shops, shop, hangedman_decor_riveting,
          uniq_jessica

Skill      XL: |  1  2  3  4 |
---------------+-------------+-----
Axes           | 3 4 5 |  5.0
Fighting       | |  2.0
Throwing       | |  1.0
Armour         | |  1.1
Dodging        | |  2.1
Spellcasting   | |  2.0
Translocations | |  2.4

Action                   |  1- 3 |  4- 6 || total
-------------------------+-------+-------++-------
Melee: Hand axe          |    48 |    18 ||    66
       Peck              |     8 |     4 ||    12
       Kick              |    14 |     6 ||    20
       Punch             |     1 |       ||     1
Throw: Boomerang         |     7 |     4 ||    11
  Use: Scroll            |     4 |     1 ||     5
       Potion            |     2 |       ||     2
Armor: Leather armour    |     5 |     4 ||     9
Dodge: Dodged            |    19 |    15 ||    34

Table legend:
 A = Non-vault XP
 B = Vault XP
 C = Vault XP percentage of total XP
 D = Non-vault monster count
 E = Vault monster count
 F = Vault count percentage of total count
                 A         B        C        D         E       F
            +---------+---------+-------+---------+---------+-------
      Total |      77 |      37 |  32.5 |      29 |       1 |   3.3
            +---------+---------+-------+---------+---------+-------
        D:1 |      36 |       0 |   0.0 |      21 |       0 |   0.0
        D:2 |      41 |      37 |  47.4 |       8 |       1 |  11.1
            +---------+---------+-------+---------+---------+-------
